 Dungeon Sprint DCSS version 0.31.0-12-g77e489cdc1 (webtiles) character file.

Game seed: 7279260883494802692

21561 Heoruswealwe the Phalangite (level 12, 0/132 HPs)
             Began as a Minotaur Fighter on Mar 4, 2024.
             Was an Initiate of Gozag.
             Slain by a frost giant
             ... wielding a +1 battleaxe of freezing
              (7 damage)
             ... in the Dungeon (Sprint IX: "|||||||||||||||||||||||||||||").
             The game lasted 00:25:59 (2329 turns).

Heoruswealwe the Phalangite (Minotaur Fighter)      Turns: 2329, Time: 00:26:00

Health: 0/132      AC: 28    Str: 26    XL:     12   Next: 55%
Magic:  0/11       EV: 15    Int:  5    God:    Gozag
Gold:   948        SH:  0    Dex: 10    Spells: 11/11 levels left

rFire   . . .        b - +8 frozen axe "Frostbite" {freeze, freezing cloud, *Noise Fly rC+}
rCold   + . .        (shield currently unavailable)
rNeg    . . .        c - +0 storm dragon scales
rPois   .            g - +2 hat of the Bear Spirit {Spirit, Bear, *Rage Will++}
rElec   +            h - +0 cloak
rCorr   .            f - +0 pair of gloves
SInv    .            e - +2 pair of slick slippers {slick, slippery, EV+4}
Will    ++...        (no amulet) Stlth
                     k - +2 ring of evasion
HPRegen 0.42/turn    j - +2 ring of protection
MPRegen 0.12/turn

%: no teleportation, random rage (20%), guardian spirit
@: flying
A: horns 2, retaliatory headbutt
a: Renounce Religion, Potion Petition, Call Merchant, Bribe Branch


You were in the Dungeon.
You worshipped Gozag.
Gozag was pleased with you.
You visited 1 branch You collected 9928 gold pieces.
You spent 2912 gold pieces at shops.
You paid 6068 gold pieces to Gozag.

Inventory:

Hand Weapons
 a - a +0 trident
 b - the +8 frozen axe "Frostbite" (weapon) {freeze, freezing cloud, *Noise Fly rC+}
   (You bought it in a shop in the Dungeon)

   rC+:       It protects you from cold.
   Fly:       It grants you flight.
   *Noise:    It may make a loud noise when swung.
Armour
 c - +0 storm dragon scales (worn)
 d - a +2 kite shield
 e - the +2 pair of slick slippers (worn) {slick, slippery, EV+4}
   (You bought it in a shop in the Dungeon)

   Slick:     Its wearer cannot be constricted, engulfed, netted or webbed.
   Slippery:  Its wearer slips away from damaging melee attacks, pulling the
   attacker onward.
   EV+4:      It affects your evasion (+4).
 f - a +0 pair of gloves (worn)
 g - the +2 hat of the Bear Spirit (worn) {Spirit, Bear, *Rage Will++}
   (You bought it in a shop in the Dungeon)

   Bear:      Going berserk makes the wearer exceptionally tough, and they are
   slowed for a shorter time afterward.
   Will++:    It greatly increases your willpower.
   *Rage:     It berserks you when you make melee attacks (+20% chance).
 h - a +0 cloak (worn)
Jewellery
 j - a +2 ring of protection (right hand)
 k - a +2 ring of evasion (left hand)
Wands
 m - a wand of iceblast (15)
Scrolls
 o - 3 scrolls of blinking
 r - 2 scrolls of identify
 s - 3 scrolls of enchant armour
 t - 5 scrolls of enchant weapon
Potions
 i - a potion of berserk rage
 l - 3 potions of curing
 n - 4 potions of might
 p - a potion of resistance
 u - 4 potions of heal wounds
 v - 3 potions of haste
Miscellaneous
 q - a tin of tremorstones (2/2)


   Skills:
 + Level 19.8 Fighting
 * Level 10.6(19.2) Axes
 - Level 24.9(25.6) Polearms
 + Level 19.8 Armour
 - Level 3.6 Shields


You had 11 spell levels left.
You didn't know any spells.
Your spell library was empty.

Dungeon Overview and Level Annotations

Branches:
Dungeon (1/1)

Altars:
Cheibriados
Dithmenos
Elyvilon
Fedhas
Gozag
Hepliaklqana
Kikubaaqudgha
Makhleb
Nemelex Xobeh
Okawaru
Qazlal
Ru
Sif Muna
Trog
Uskayaw
Vehumet
Wu Jian
Xom
Yredelemnul
Zin
The Shining One
Jiyva
Lugonu

Shops:
D [[[[[*(*([


Innate Abilities, Weirdness & Mutations

You have a pair of horns on your head.
You reflexively headbutt those who attack you in melee.


Message History

The frost giant is lightly wounded.
The frost giant hits you with a +1 battleaxe of freezing.
* * * LOW HITPOINT WARNING * * *
You slip backwards!
You hit the frost giant.
The frost giant is lightly wounded.
The frost giant casts a spell at you. The bolt of cold hits you!! You resist.
* * * LOW HITPOINT WARNING * * *
You slice the frost giant!! You freeze the frost giant.
Your headbutt misses the frost giant.
The frost giant is moderately wounded.
The frost giant hits you with a +1 battleaxe of freezing.
* * * LOW HITPOINT WARNING * * *
You slip backwards!
The frost giant freezes you.
* * * LOW HITPOINT WARNING * * *
You hit the frost giant. You headbutt the frost giant.
The frost giant is moderately wounded.
The frost giant hits you but does no damage.
You completely miss the frost giant. You headbutt the frost giant!
The frost giant is heavily wounded.
The frost giant casts a spell at you. The bolt of cold misses you.
You feel much better.
The frost giant hits you with a +1 battleaxe of freezing!
* * * LOW HITPOINT WARNING * * *
You slip backwards!
The frost giant freezes you.
* * * LOW HITPOINT WARNING * * *
You hit the frost giant but do no damage.
The frost giant is heavily wounded.
You recover from your berserk rage.
The frost giant points at you and mumbles some strange words.
The bolt of cold hits you! You resist.
* * * LOW HITPOINT WARNING * * *
You feel much better.
The frost giant hits you with a +1 battleaxe of freezing!!
* * * LOW HITPOINT WARNING * * *
You slip backwards!
The frost giant freezes you!
You die...
Your body crumbles into a pile of gold.

▓?▓.▓.▓.▓.▓.▓_▓
▓!▓.▓.▓.▓.▓.▓_▓
▓.▓.▓.▓.▓.▓.▓_▓
▓.▓.▓.▓.▓.▓.▓_▓
▓.▓.▓.▓.▓.▓.▓_▓
▓.▓.▓.▓.▓.▓.▓_▓
▓.▓.▓)▓.▓.▓.▓_▓
▓.▓.▓)▓.▓'▓.▓'▓
▓@▓.▓.▓.▓.▓.▓!▓
▓$▓.▓.▓.▓.▓.▓?▓
▓C▓.▓.▓.▓.▓.▓)▓
▓p▓.▓.▓.▓.▓.▓[▓
▓.▓.▓∩▓.▓.▓.▓.▓
▓.▓.▓.▓.▓.▓.▓.▓
▓.▓.▓∩▓.▓.▓.▓.▓
▓.▓.▓.▓.▓.▓.▓.▓
▓.▓.▓∩▓.▓[▓.▓.▓


You could see a frost giant and a necromancer.

Vanquished Creatures
  A very ugly thing (D)
  A fire dragon (D)
  A hydra (D)
  2 ogre magi (D)
  3 centaur warriors (D)
  A tengu warrior (D)
  8 two-headed ogres (D)
  Urug (D)
  An occultist (D)
  A deep troll earth mage (D)
  A sea snake (shapeshifter) (D)
  An arcanist (D)
  An orc knight (D)
  A cyclops (D)
  A meliai (D)
  An ugly thing (D)
  A manticore (D)
  2 elephants (D)
  4 cane toads (D)
  2 rime drakes (D)
  2 komodo dragons (D)
  A freezing wraith (D)
  An unseen horror (D)
  A troll (D)
  A blink frog (D)
  3 yaks (D)
  2 wargs (D)
  A vampire mosquito (D)
  2 water moccasins (D)
  4 hell hounds (D)
  11 orc warriors (D)
  3 ogres (D)
  2 wolves (D)
  A phantom (D)
  2 bullfrogs (D)
  A gnoll sergeant (D)
  2 scorpions (D)
  A wight (D)
  2 killer bees (D)
  4 orc priests (D)
  A sleepcap (D)
  2 orc wizards (D)
  A dart slug (D)
  7 orcs (D)
  A giant cockroach (D)
  2 hobgoblins (D)
  A jackal (D)
  A giant cockroach simulacrum (D)
  A rat (D)
99 creatures vanquished.

Notes
Turn   | Place    | Note
-------+----------+-------------------------------------------
     0 | D        | Heoruswealwe the Minotaur Fighter began the quest for the
                  | Orb.
     0 | D        | Reached XP level 1. HP: 19/19 MP: 0/0
     3 | D        | Banished a spatial maelstrom
     6 | D        | Reached skill level 3 in Polearms
    49 | D        | Noticed a phantom
    49 | D        | Noticed a scorpion
    49 | D        | Noticed a sleepcap
    49 | D        | Noticed a scorpion
    59 | D        | Killed a phantom
    60 | D        | Reached skill level 7 in Polearms
    60 | D        | Reached XP level 2. HP: 16/30 MP: 1/1
    60 | D        | Reached XP level 3. HP: 20/37 MP: 2/2
    60 | D        | Reached XP level 4. HP: 23/44 MP: 3/3
    63 | D        | Killed a scorpion
    64 | D        | Reached skill level 8 in Polearms
    70 | D        | Reached skill level 9 in Polearms
    70 | D        | Reached XP level 5. HP: 24/52 MP: 4/4
    77 | D        | Reached skill level 10 in Polearms
    83 | D        | Found a snail-covered altar of Cheibriados.
    83 | D        | Found a shadowy altar of Dithmenos.
    83 | D        | Found a white marble altar of Elyvilon.
    83 | D        | Found a blossoming altar of Fedhas.
    83 | D        | Found an opulent altar of Gozag.
    84 | D        | Found a hazy altar of Hepliaklqana.
    85 | D        | Found a viscous altar of Jiyva.
    86 | D        | Found an ancient bone altar of Kikubaaqudgha.
    87 | D        | Found a corrupted altar of Lugonu.
    88 | D        | Found a burning altar of Makhleb.
    89 | D        | Found a sparkling altar of Nemelex Xobeh.
    90 | D        | Found an iron altar of Okawaru.
    91 | D        | Became a worshipper of Gozag Ym Sagoz the Greedy
    92 | D        | Found a stormy altar of Qazlal.
    93 | D        | Found a sacrificial altar of Ru.
    94 | D        | Found a shimmering blue altar of Sif Muna.
    95 | D        | Found a bloodstained altar of Trog.
    96 | D        | Found a hide-covered altar of Uskayaw.
    97 | D        | Found a radiant altar of Vehumet.
    98 | D        | Found an ornate altar of the Wu Jian Council.
    99 | D        | Found a shimmering altar of Xom.
   100 | D        | Found a basalt altar of Yredelemnul.
   101 | D        | Found a glowing silver altar of Zin.
   102 | D        | Found a glowing golden altar of the Shining One.
   201 | D        | Noticed a yak
   210 | D        | Killed a yak
   211 | D        | Reached skill level 12 in Polearms
   211 | D        | Reached XP level 6. HP: 42/63 MP: 5/5
   227 | D        | Killed an unseen horror
   228 | D        | Reached skill level 10 in Fighting
   228 | D        | Reached skill level 13 in Polearms
   228 | D        | Reached skill level 10 in Armour
   228 | D        | Reached XP level 7. HP: 25/73 MP: 0/6
   236 | D        | Reached skill level 14 in Polearms
   418 | D        | Noticed a manticore
   418 | D        | Noticed an arcanist
   418 | D        | Noticed a vampire mosquito
   418 | D        | Noticed a troll
   418 | D        | Noticed a tengu warrior
   418 | D        | Noticed a green ugly thing
   472 | D        | Killed a manticore
   473 | D        | Reached skill level 15 in Polearms
   473 | D        | Reached XP level 8. HP: 63/82 MP: 7/7
   474 | D        | Killed an arcanist
   475 | D        | Reached skill level 16 in Polearms
   484 | D        | Killed a green ugly thing
   485 | D        | Reached XP level 9. HP: 50/92 MP: 8/8
   487 | D        | Killed a troll
   488 | D        | Reached skill level 17 in Polearms
   497 | D        | Killed a tengu warrior
   498 | D        | Reached skill level 18 in Polearms
   806 | D        | Noticed a cane toad
   806 | D        | Noticed a komodo dragon
   806 | D        | Noticed an elephant
   806 | D        | Noticed a komodo dragon
   811 | D        | Killed a cane toad
   811 | D        | Noticed a four-headed hydra
   817 | D        | Killed a komodo dragon
   817 | D        | Noticed a rime drake
   818 | D        | Reached skill level 19 in Polearms
   825 | D        | Killed an elephant
   826 | D        | Reached XP level 10. HP: 89/104 MP: 9/9
   832 | D        | Killed a nine-headed hydra
   833 | D        | Reached skill level 20 in Polearms
   837 | D        | Reached skill level 15 in Fighting
   837 | D        | Reached skill level 15 in Armour
   894 | D        | Noticed an elephant
   894 | D        | Noticed a cane toad
   894 | D        | Noticed a cane toad
   904 | D        | Killed an elephant
   915 | D        | Killed a cane toad
   916 | D        | Reached skill level 21 in Polearms
   916 | D        | Noticed a cane toad
   917 | D        | Killed a cane toad
   938 | D        | Killed a cane toad
  1120 | D        | Reached XP level 11. HP: 103/114 MP: 10/10
  1127 | D        | Reached skill level 22 in Polearms
  1444 | D        | Noticed an orc knight
  1466 | D        | Killed an orc knight
  1665 | D        | Found Loicot's Antique Armour Emporium.
  1665 | D        | Noticed an ogre mage
  1665 | D        | Noticed an ogre mage
  1665 | D        | Noticed a two-headed ogre
  1665 | D        | Noticed a two-headed ogre
  1674 | D        | Noticed a two-headed ogre
  1675 | D        | Paralysed by something for 3 turns
  1681 | D        | Killed an ogre mage
  1682 | D        | Reached skill level 23 in Polearms
  1690 | D        | Killed an ogre mage
  1694 | D        | Killed a two-headed ogre
  1699 | D        | Killed a two-headed ogre
  1702 | D        | Killed a two-headed ogre
  1773 | D        | Found Nomuhom's Armour Shoppe.
  1777 | D        | Found Arutzu Ucysk's Armour Emporium.
  1779 | D        | Noticed a two-headed ogre
  1780 | D        | Found Janiorr's Armour Shoppe.
  1780 | D        | Noticed a two-headed ogre
  1781 | D        | Noticed a two-headed ogre
  1792 | D        | Killed a two-headed ogre
  1793 | D        | Reached skill level 24 in Polearms
  1796 | D        | Killed a two-headed ogre
  1802 | D        | Noticed a two-headed ogre
  1803 | D        | Killed a two-headed ogre
  1809 | D        | Killed a two-headed ogre
  1828 | D        | Noticed a two-headed ogre
  1843 | D        | Killed a two-headed ogre
  1844 | D        | Reached XP level 12. HP: 128/128 MP: 11/11
  1921 | D        | Bought the +2 hat of the Bear Spirit {Spirit, Bear, *Rage
                  | Will++} for 349 gold pieces
  1921 | D        | Found the +2 hat of the Bear Spirit {Spirit, Bear, *Rage
                  | Will++}
  1931 | D        | Bought the +2 pair of slick slippers {slick, slippery,
                  | EV+4} for 459 gold pieces
  1931 | D        | Found the +2 pair of slick slippers {slick, slippery, EV+4}
  1971 | D        | Bought the +8 frozen axe "Frostbite" {freeze, freezing
                  | cloud, *Noise Fly rC+} for 776 gold pieces
  1971 | D        | Found the +8 frozen axe "Frostbite" {freeze, freezing
                  | cloud, *Noise Fly rC+}
  2028 | D        | Bought a scroll of acquirement for 832 gold pieces
  2028 | D        | Bought a scroll of enchant weapon for 120 gold pieces
  2028 | D        | Bought a wand of iceblast (5) for 192 gold pieces
  2028 | D        | Bought a scroll of enchant armour for 120 gold pieces
  2028 | D        | Bought a potion of might for 64 gold pieces
  2033 | D        | Acquired 892 gold pieces
  2071 | D        | Noticed Urug
  2077 | D        | Killed Urug
  2263 | D        | Noticed a centaur warrior
  2263 | D        | Noticed a centaur warrior
  2267 | D        | Killed a centaur warrior
  2270 | D        | Reached skill level 5 in Axes
  2270 | D        | Noticed a centaur warrior
  2270 | D        | Noticed a fire dragon
  2272 | D        | Noticed a deep troll earth mage
  2278 | D        | Killed a centaur warrior
  2280 | D        | a sea snake changed into a jorogumo
  2280 | D        | Noticed a jorogumo (glowing shapeshifter)
  2283 | D        | Noticed a green very ugly thing
  2284 | D        | Killed a centaur warrior
  2284 | D        | a jorogumo changed into a steelbarb worm
  2289 | D        | Killed a fire dragon
  2293 | D        | Killed a green very ugly thing
  2298 | D        | Killed a deep troll earth mage
  2299 | D        | Reached skill level 10 in Axes
  2318 | D        | Noticed a frost giant
  2329 | D        | Slain by a frost giant

Illustrated notes

Levels and vault maps discovered:
D:        linesprint [early_d, line_temple, items_1, d_10, items_2, lair_1,
          lair_end, items_3, orc_1, orc_end, items_4, d_15, swamp_1, shoals_1,
          snake_1, spider_1, d_20, vaults_1, items_5, swamp_end, shoals_end,
          snake_end, spider_end, vaults_end, d_27, items_6, zot_1, zot_end,
          crypt_end, forest_end, elf_end, slime_end, tomb_end, abyss_end,
          pan_hell_end]

Skill      XL: |  1  2  3  4  5  6  7  8  9 10 11 12 |
---------------+-------------------------------------+-----
Polearms       | 7 9 12 13 15 16 19 21 24 | 24.9
Fighting       | 6 7 9 10 11 12 14 16 18 19 | 19.8
Armour         | 6 7 9 10 11 12 14 16 18 19 | 19.8
Axes           | 10 | 10.6
Shields        | |  3.6

Action                     |  1- 3 |  4- 6 |  7- 9 | 10-12 || total
---------------------------+-------+-------+-------+-------++-------
  Melee: Trident           |    28 |    17 |       |       ||    45
         Headbutt          |     3 |     5 |     8 |    41 ||    57
         Halberd           |       |    23 |    56 |   183 ||   262
         Executioner's axe |       |       |       |    40 ||    40
 Invoke: Call Merchant     |       |       |       |     6 ||     6
    Use: Potion            |       |       |       |     6 ||     6
         Scroll            |       |       |       |     1 ||     1
   Stab: Distracted        |       |     1 |       |     1 ||     2
 Armour: Scale mail        |    17 |    28 |    60 |    48 ||   153
         Plate armour      |       |       |       |    42 ||    42
         Storm dragon scal |       |       |       |    44 ||    44
  Dodge: Dodged            |     5 |    14 |    24 |    84 ||   127
  Block: Buckler           |     7 |     3 |       |       ||    10
